 Dungeon Crawl Stone Soup version 0.30.0-29-ga12c61a403 (webtiles) character file.

Game seed: 15989574626684253879

539 Peloso the Slasher (level 7, -7/60 HPs)
             Began as a Minotaur Fighter on June 24, 2023.
             Killed by divine providence
             ... invoked by an orc priest
              (12 damage)
             ... on level 5 of the Dungeon.
             The game lasted 00:06:28 (2891 turns).

Peloso the Slasher (Minotaur Fighter)               Turns: 2891, Time: 00:06:29

Health: -7/60      AC: 13    Str: 21    XL:     7   Next: 5%
Magic:  6/6        EV:  7    Int:  5    God:
Gold:   217        SH: 16    Dex: 11    Spells: 6/6 levels left

rFire   . . .        a - +0 long sword
rCold   . . .        d - +0 tower shield
rNeg    . . .        b - +1 scale mail
rPois   .            (helmet restricted)
rElec   .            (no cloak)
rCorr   .            (no gloves)
SInv    .            c - +0 pair of boots
Will    .....        (no amulet) Stlth
                     f - ring of flight
HPRegen 0.30/turn    g - +4 ring of protection
MPRegen 0.10/turn

%: no passive effects
@: brilliant, flying
A: horns 2, retaliatory headbutt, large bone plates 1, screaming 2
a: no special abilities


You were on level 5 of the Dungeon.
You visited 1 branch of the dungeon, and saw 6 of its levels.

You collected 272 gold pieces.
You spent 55 gold pieces at shops.

Inventory:

Hand Weapons
 a - a +0 long sword (weapon)
Armour
 b - a +1 scale mail (worn)
 c - a +0 pair of boots (worn)
 d - a +0 tower shield (worn)
Jewellery
 f - a ring of flight (left hand)
 g - a +4 ring of protection (right hand)
 h - the ring of the Shining Light {Fire rElec rCorr}
   (You found it on level 2 of the Dungeon)

   [ring of fire]

   It enhances your fire magic.
   rF:        It protects you from fire.
   rC:        It makes you vulnerable to cold.
   rElec:     It insulates you from electricity.
   rCorr:     It protects you from acid and corrosion.
 u - an amulet of the acrobat
Wands
 j - a wand of polymorph (4)
Scrolls
 n - 2 scrolls of enchant armour
 o - a scroll of enchant weapon {unknown}
 r - a scroll of immolation {unknown}
 s - a scroll of teleportation {unknown}
 v - a scroll of silence {unknown}
Potions
 e - 4 potions of flight
 i - a potion of lignification {unknown}
 k - a potion of might
 l - a potion of brilliance
 p - a potion of berserk rage
 t - a potion of resistance {unknown}


   Skills:
 + Level 4.9 Fighting
 + Level 6.4 Long Blades
 + Level 5.6 Armour
 + Level 2.1 Dodging
 + Level 0.2 Stealth
 + Level 4.4 Shields


You had 6 spell levels left.
You didn't know any spells.
Your spell library contained the following spells:

 Spells                   Type           Power      Damage    Failure   Level
 Sublimation of Blood     Necr           0%         N/A       100%        2
 Petrify                  Tmut/Erth      0%         N/A       100%        4
 Irradiate                Conj/Tmut      0%         3d11      100%        5


Dungeon Overview and Level Annotations

Branches:
Dungeon (6/15)
 Temple: D:4-7

Altars:
Uskayaw
Vehumet
Xom

Shops:
D:3 !


Innate Abilities, Weirdness & Mutations

You have a pair of horns on your head.
You reflexively headbutt those who attack you in melee.
You are partially covered in large bone plates. (SH +4)
You frequently scream uncontrollably at your foes.


Message History

Unknown command.
You closely miss the orc. You block the orc's attack.
You closely miss the orc. You block the orc's attack.
You barely miss the orc. You block the orc's attack. x2
You slash the orc!
The orc is almost dead.
The orc hits you but does no damage.
Unknown command.
You hit the orc.
You kill the orc!
The centaur shoots an arrow.
You block the arrow.
The centaur shoots an arrow.
You block the arrow.
Unknown command.
You barely miss the orc priest. You block the orc priest's attack.
The orc priest closely misses you.
You hit the orc priest. Your headbutt misses the orc priest.
The orc priest is lightly wounded.
The orc priest hits you with a +0 club.
* * * LOW HITPOINT WARNING * * *
You closely miss the orc priest.
The orc priest is lightly wounded.
The orc priest invokes the aid of Beogh against you.
Beogh smites you!
* * * LOW HITPOINT WARNING * * *
You closely miss the orc priest.
You headbutt the orc priest, but do no damage.
The orc priest is lightly wounded.
You block the orc priest's attack. x2
You hit the orc priest but do no damage.
The orc priest is lightly wounded.
You block the orc priest's attack.
You hit the orc priest but do no damage.
The orc priest is lightly wounded.
You block the orc priest's attack.
Unknown command.
You hit the orc priest.
The orc priest is heavily wounded.
The orc priest calls down the wrath of Beogh upon you.
Beogh smites you!
You die...

....#####...............)'
........................##
.......................##
.......................#
#.....................#
#.....................#
#.........#............
#.......###............
#...##@## #............
#.$.##o######...... .
#.....c.....#..)...
#.................
#.....>.......
#...##.......#
#............#
#..........###
#...........!


You could see a centaur and an orc priest.

Vanquished Creatures
  An ogre (D:6)
  A phantom (D:5)
  An orc priest (D:5)
  A hound (D:6)
  Jessica (D:3)
  2 iguanas (D:5)
  3 gnolls (D:2)
  10 adders
  A white imp (D:5)
  3 worms
  A dart slug (D:5)
  10 orcs
  6 ball pythons
  4 endoplasms
  2 giant cockroaches
  21 goblins
  3 hobgoblins
  2 jackals (D:5)
  2 quokkas (D:3)
  2 ball python skeletons (D:2)
  A ball python zombie (D:2)
  4 bats
  5 frilled lizards
  A jackal zombie (D:2)
  3 kobolds
  A quokka skeleton (D:2)
  4 rats
96 creatures vanquished.

Vanquished Creatures (others)
  An orc wizard (D:5)
1 creature vanquished.

Grand Total: 97 creatures vanquished

Notes
Turn   | Place    | Note
-------+----------+-------------------------------------------
     0 | D:1      | Peloso the Minotaur Fighter began the quest for the Orb.
     0 | D:1      | Reached XP level 1. HP: 19/19 MP: 0/0
   228 | D:1      | Reached XP level 2. HP: 27/27 MP: 1/1
   968 | D:2      | Reached skill level 3 in Long Blades
   968 | D:2      | Reached XP level 3. HP: 28/33 MP: 2/2
  1132 | D:2      | Identified the ring of the Shining Light {Fire rElec rCorr}
  1134 | D:2      | Reached XP level 4. HP: 40/40 MP: 3/3
  1210 | D:2      | Reached skill level 1 in Dodging
  1216 | D:2      | Reached skill level 4 in Long Blades
  1705 | D:3      | Noticed Jessica
  1708 | D:3      | Reached XP level 5. HP: 46/46 MP: 4/4
  1715 | D:3      | Killed Jessica
  1766 | D:3      | Found Jaz Sofi's Distillery.
  1773 | D:3      | You are sucked into a shaft and drop 2 floors!
  1773 | D:5      | Entered Level 5 of the Dungeon
  1786 | D:5      | Noticed a phantom
  1809 | D:5      | Reached skill level 5 in Armour
  1817 | D:5      | Killed a phantom
  1966 | D:5      | Reached skill level 5 in Long Blades
  1966 | D:5      | Reached XP level 6. HP: 53/53 MP: 5/5
  2006 | D:3      | Bought a potion of berserk rage for 55 gold pieces
  2408 | D:3      | Found a hide-covered altar of Uskayaw.
  2408 | D:3      | Found a radiant altar of Vehumet.
  2408 | D:3      | Found a shimmering altar of Xom.
  2751 | D:5      | Reached skill level 6 in Long Blades
  2873 | D:5      | Gained mutation: You occasionally shout uncontrollably at
                  | your foes. [potion of mutation]
  2873 | D:5      | Gained mutation: You frequently scream uncontrollably at
                  | your foes. [potion of mutation]
  2873 | D:5      | Gained mutation: You are partially covered in large bone
                  | plates. (SH +4) [potion of mutation]
  2877 | D:5      | Reached XP level 7. HP: 14/60 MP: 6/6
  2891 | D:5      | Killed from afar by an orc priest

Illustrated notes

Levels and vault maps discovered:
D:1:      minmay_arrival_loop, layout_basic, minmay_pentomino_z2
D:2:      cheibrodos_greedy_goblins, layout_rooms, serial_undead,
          serial_undead_b, serial_undead_e, serial_undead_d, serial_undead_f,
          serial_undead_f, corexii_corridor_pit, serial_bayou_pond_b,
          grunt_decor_arrowhead
D:3:      layout_basic, gammafunk_temple_overflow_forgotten, serial_shops,
          nicolae_shop_industrial_runoff, uniq_jessica
D:4:      layout_loops_ring, kennysheep_ying_yang,
          minmay_temple_entry_water_ring, st_stairs_5, minmay_cut_off
D:5:      layout_basic, kennysheep_minor_cross, hangedman_glass_teeth,
          corexii_item_surrounded_by_moat
D:6:      layout_loops_ring, grunt_dithmenos_smoke, zin_angel, chequers_jeans,
          uniq_blork_the_orc

Skill      XL: |  1  2  3  4  5  6 |
---------------+-------------------+-----
Armour         | 4 5 |  5.6
Fighting       | 4 |  4.9
Shields        | 4 |  4.4
Long Blades    | 3 4 5 6 |  6.4
Dodging        | 1 2 |  2.1
Stealth        | |  0.2

Action                     |  1- 3 |  4- 6 |  7- 9 || total
---------------------------+-------+-------+-------++-------
  Melee: Long sword        |    80 |   168 |    15 ||   263
         Headbutt          |    14 |    26 |     1 ||    41
    Use: Scroll            |     2 |       |       ||     2
         Potion            |       |     3 |       ||     3
 Armour: Scale mail        |    39 |    74 |     1 ||   114
  Dodge: Dodged            |    33 |    68 |     1 ||   102
  Block: Buckler           |    11 |    12 |       ||    23
         Tower shield      |       |    46 |    15 ||    61
